| TOP OF THE 1ST |
|
Pittsburgh Pirates batting - Pitching for Los Angeles Dodgers : RHP Mike Scott
|
|
Pitching: RHP Mike Scott
|
|
|
Batting: RHB Dan Gladden
|
0-0: Foul Ball, location: 2F 0-1: Ground out 5-3 (Groundball, 56, EV 82.5 MPH)
|
|
Batting: SHB Chili Davis
|
0-0: Foul Ball, location: 2F 0-1: Ball 1-1: Ground out U3 (Groundball, 3, EV 78.1 MPH)
|
|
Batting: RHB Rennie Stennett
|
0-0: Ball 1-0: Fly out, F7 (Flyball, 7S, EV 96.3 MPH)
|
| Top of the 1st over - 0 runs, 0 hits, 0 errors, 0 left on base; Pittsburgh 0 - Los Angeles 0 |
| BOTTOM OF THE 1ST |
|
Los Angeles Dodgers batting - Pitching for Pittsburgh Pirates : RHP Moose Haas
|
|
Pitching: RHP Moose Haas
|
|
|
Batting: RHB Billy Sample
|
0-0: Called Strike 0-1: Ball 1-1: Foul Ball, location: 2F 1-2: Ball 2-2: Ball 3-2: Fly out, F3 (Popup, 3SF, EV 67.5 MPH)
|
|
Batting: RHB Carney Lansford
|
0-0: Foul Ball, location: 2F 0-1: Ball 1-1: Ball 2-1: Foul Ball, location: 2F 2-2: Fly out, F5 (Popup, 5SF, EV 70.6 MPH)
|
|
Batting: RHB Jerry Keller
|
0-0: Called Strike 0-1: Ball 1-1: Foul Ball, location: 2F 1-2: Ball 2-2: SINGLE (Groundball, 6MD, EV 100.6 MPH)
|
|
Batting: RHB Dick Davis
|
0-0: SINGLE (Flyball, 56D, EV 95.0 MPH) Jerry Keller to second
|
|
Batting: RHB Barry Evans
|
0-0: Called Strike 0-1: Foul Ball, location: 2F 0-2: Ball 1-2: Ball 2-2: Ground out 1-3 (Groundball, 15S, EV 72.5 MPH)
|
| Bottom of the 1st over - 0 runs, 2 hits, 0 errors, 2 left on base; Pittsburgh 0 - Los Angeles 0 |
| TOP OF THE 2ND |
|
Pittsburgh Pirates batting - Pitching for Los Angeles Dodgers : RHP Mike Scott
|
|
Batting: LHB Robert Lopez
|
0-0: Called Strike 0-1: Called Strike 0-2: Strikes out looking
|
|
Batting: LHB Greg Walker
|
0-0: Swinging Strike 0-1: Ball 1-1: Ball 2-1: Ball 3-1: Swinging Strike 3-2: Foul Ball, location: 2F 3-2: Strikes out swinging
|
|
Batting: RHB Mike C Brown
|
0-0: Called Strike 0-1: Ball 1-1: DOUBLE (Groundball, 5L, EV 105.0 MPH)
|
|
Batting: SHB John Shelby
|
0-0: Called Strike 0-1: Ground out 6-3 (Groundball, 6M, EV 99.4 MPH)
|
| Top of the 2nd over - 0 runs, 1 hit, 0 errors, 1 left on base; Pittsburgh 0 - Los Angeles 0 |
| BOTTOM OF THE 2ND |
|
Los Angeles Dodgers batting - Pitching for Pittsburgh Pirates : RHP Moose Haas
|
|
Batting: LHB Darren Daulton
|
0-0: Foul Ball, location: 2F 0-1: Ball 1-1: Foul Ball, location: 2F 1-2: Foul Ball, location: 2F 1-2: Ball 2-2: Foul Ball, location: 2F 2-2: Fly out, F8 (Flyball, 8RD, EV 91.9 MPH)
|
|
Batting: SHB Spike Owen
|
0-0: Foul Ball, location: 2F 0-1: Ball 1-1: Foul Ball, location: 2F 1-2: SINGLE (Flyball, 3D, EV 88.1 MPH)
|
|
Batting: RHB Roberto Reyes
|
0-0: Ball Spike Owen is caught stealing 2nd base 2-4 1-0: Swinging Strike 1-1: Ball 2-1: Fly out, F8 (Flyball, 8LD, EV 83.1 MPH)
|
| Bottom of the 2nd over - 0 runs, 1 hit, 0 errors, 0 left on base; Pittsburgh 0 - Los Angeles 0 |
| TOP OF THE 3RD |
|
Pittsburgh Pirates batting - Pitching for Los Angeles Dodgers : RHP Mike Scott
|
|
Batting: SHB Ron Oester
|
0-0: SINGLE (Groundball, 56D, EV 102.5 MPH)
|
|
Batting: RHB Moose Haas
|
0-0: Bunted foul 0-1: Bunt missed! 0-2: Bunted foul, Strikeout!
|
|
Batting: RHB Dan Gladden
|
0-0: Ball Ron Oester steals 2nd base 1-0: Ball 2-0: Ground out 4-3 (Groundball, 4, EV 90.0 MPH) Ron Oester to third
|
|
Batting: SHB Chili Davis
|
0-0: Swinging Strike 0-1: Foul Ball, location: 2F 0-2: Ball 1-2: Strikes out swinging
|
| Top of the 3rd over - 0 runs, 1 hit, 0 errors, 1 left on base; Pittsburgh 0 - Los Angeles 0 |
| BOTTOM OF THE 3RD |
|
Los Angeles Dodgers batting - Pitching for Pittsburgh Pirates : RHP Moose Haas
|
|
Batting: RHB Mike Scott
|
0-0: SINGLE (Groundball, 4D, EV 95.0 MPH)
|
|
Batting: RHB Billy Sample
|
0-0: Ball 1-0: Ball 2-0: Foul Ball, location: 2F 2-1: SINGLE (Line Drive, 9S, EV 96.9 MPH) Mike Scott to second
|
|
Batting: RHB Carney Lansford
|
0-0: Ball 1-0: Called Strike 1-1: Fly out, F4 (Flyball, 4D, EV 84.4 MPH)
|
|
Batting: RHB Jerry Keller
|
0-0: Ball 1-0: Swinging Strike 1-1: SINGLE (Groundball, 56D, EV 110.6 MPH) Mike Scott to third Billy Sample to second Runner from 3rd tries for Home, SAFE, throw by LF to home
|
|
Batting: RHB Dick Davis
|
0-0: Ball 1-0: Ball 2-0: Foul Ball, location: 2F 2-1: Ball 3-1: Base on Balls Billy Sample to third Jerry Keller to second
|
|
Batting: RHB Barry Evans
|
0-0: Grounds into double play, 6-4-3 (Groundball, 6, EV 88.1 MPH)
|
| Bottom of the 3rd over - 1 run, 3 hits, 0 errors, 2 left on base; Pittsburgh 0 - Los Angeles 1 |
| TOP OF THE 4TH |
|
Pittsburgh Pirates batting - Pitching for Los Angeles Dodgers : RHP Mike Scott
|
|
Batting: RHB Rennie Stennett
|
0-0: Called Strike 0-1: Foul Ball, location: 2F 0-2: Foul Ball, location: 2F 0-2: Ball 1-2: Foul Ball, location: 2F 1-2: Ground out 6-3 (Groundball, 6, EV 80.6 MPH)
|
|
Batting: LHB Robert Lopez
|
0-0: Ball 1-0: Swinging Strike 1-1: Ball 2-1: DOUBLE (Line Drive, 9LM, EV 107.5 MPH)
|
|
Batting: LHB Greg Walker
|
0-0: Ball 1-0: Foul Ball, location: 2F 1-1: Ball 2-1: Ground out 4-3 (Groundball, 4, EV 87.5 MPH) Robert Lopez to third
|
|
Batting: RHB Mike C Brown
|
0-0: Foul Ball, location: 2F 0-1: Called Strike 0-2: Foul Ball, location: 2F 0-2: Ball 1-2: Foul Ball, location: 2F 1-2: Foul Ball, location: 2F 1-2: Ball 2-2: Ball 3-2: Strikes out swinging
|
| Top of the 4th over - 0 runs, 1 hit, 0 errors, 1 left on base; Pittsburgh 0 - Los Angeles 1 |
| BOTTOM OF THE 4TH |
|
Los Angeles Dodgers batting - Pitching for Pittsburgh Pirates : RHP Moose Haas
|
|
Batting: LHB Darren Daulton
|
0-0: Ball 1-0: Foul Ball, location: 2F 1-1: Ball 2-1: Ground out U3 (Groundball, 3, EV 104.4 MPH)
|
|
Batting: SHB Spike Owen
|
0-0: Ball 1-0: Called Strike 1-1: Ball 2-1: Foul Ball, location: 2F 2-2: Ball 3-2: Foul Ball, location: 2F 3-2: Fly out, F4 (Flyball, 4D, EV 88.8 MPH)
|
|
Batting: RHB Roberto Reyes
|
0-0: Foul Ball, location: 2F 0-1: Fly out, F8 (Flyball, 8LS, EV 76.3 MPH)
|
| Bottom of the 4th over - 0 runs, 0 hits, 0 errors, 0 left on base; Pittsburgh 0 - Los Angeles 1 |
| TOP OF THE 5TH |
|
Pittsburgh Pirates batting - Pitching for Los Angeles Dodgers : RHP Mike Scott
|
|
Batting: SHB John Shelby
|
0-0: Swinging Strike 0-1: Foul Ball, location: 2F 0-2: Strikes out swinging
|
|
Batting: SHB Ron Oester
|
0-0: Ball 1-0: Ground out 4-3 (Groundball, 4, EV 103.1 MPH)
|
|
Batting: RHB Moose Haas
|
0-0: Ball 1-0: Swinging Strike 1-1: Ball 2-1: Called Strike 2-2: Ground out 1-3 (Groundball, 13S, EV 63.1 MPH)
|
| Top of the 5th over - 0 runs, 0 hits, 0 errors, 0 left on base; Pittsburgh 0 - Los Angeles 1 |
| BOTTOM OF THE 5TH |
|
Los Angeles Dodgers batting - Pitching for Pittsburgh Pirates : RHP Moose Haas
|
|
Batting: RHB Mike Scott
|
0-0: Called Strike 0-1: Ball 1-1: Ball 2-1: Ground out 6-3 (Groundball, 6MD, EV 85.6 MPH)
|
|
Batting: RHB Billy Sample
|
0-0: Ball 1-0: Called Strike 1-1: Ball 2-1: Ball 3-1: Fly out, F3 (Popup, 3, EV 51.3 MPH)
|
|
Batting: RHB Carney Lansford
|
0-0: Ball 1-0: Ball 2-0: Ball 3-0: Base on Balls
|
|
Batting: RHB Jerry Keller
|
0-0: Ball 1-0: Called Strike 1-1: Foul Ball, location: 2F 1-2: Foul Ball, location: 2F 1-2: Fly out, F7 (Flyball, 7, EV 93.1 MPH)
|
| Bottom of the 5th over - 0 runs, 0 hits, 0 errors, 1 left on base; Pittsburgh 0 - Los Angeles 1 |
| TOP OF THE 6TH |
|
Pittsburgh Pirates batting - Pitching for Los Angeles Dodgers : RHP Mike Scott
|
|
Batting: RHB Dan Gladden
|
0-0: Ball 1-0: Ball 2-0: Ground out 4-3 (Groundball, 4MS, EV 76.3 MPH)
|
|
Batting: SHB Chili Davis
|
0-0: Foul Ball, location: 2F 0-1: Ball 1-1: Called Strike 1-2: Ball 2-2: Foul Ball, location: 2F 2-2: Ball 3-2: Foul Ball, location: 2F 3-2: Base on Balls
|
|
Batting: RHB Rennie Stennett
|
0-0: Ball 1-0: Ball 2-0: Ball 3-0: Base on Balls Chili Davis to second
|
|
Batting: LHB Robert Lopez
|
0-0: Ball 1-0: Ball 2-0: Called Strike 2-1: Swinging Strike 2-2: Ball 3-2: Foul Ball, location: 2F 3-2: Base on Balls Chili Davis to third Rennie Stennett to second
|
|
Batting: LHB Greg Walker
|
0-0: Called Strike 0-1: Foul Ball, location: 2F 0-2: Ball 1-2: Ball 2-2: Ball 3-2: SINGLE (Groundball, 34D, EV 108.8 MPH) Chili Davis scores Rennie Stennett to third Robert Lopez to second Runner from 3rd tries for Home, throw by RF and OUT! 9-2
|
|
Batting: RHB Mike C Brown
|
0-0: Ball 1-0: Foul Ball, location: 2F 1-1: Ball 2-1: Ground out 6-3 (Groundball, 56, EV 106.3 MPH)
|
| Top of the 6th over - 1 run, 1 hit, 0 errors, 2 left on base; Pittsburgh 1 - Los Angeles 1 |
| BOTTOM OF THE 6TH |
|
Los Angeles Dodgers batting - Pitching for Pittsburgh Pirates : RHP Moose Haas
|
|
Batting: RHB Dick Davis
|
0-0: Ground out 5-3 (Groundball, 56S, EV 83.1 MPH)
|
|
Batting: RHB Barry Evans
|
0-0: Ball 1-0: Ball 2-0: Called Strike 2-1: Ball 3-1: SINGLE (Line Drive, 8LS, EV 85.0 MPH)
|
|
Batting: LHB Darren Daulton
|
0-0: Called Strike 0-1: Ball Passed Ball! Barry Evans to second 1-1: Intentional Walk
|
|
Batting: SHB Spike Owen
|
0-0: Ball 1-0: Ball 2-0: Ball 3-0: Called Strike 3-1: Swinging Strike 3-2: Foul Ball, location: 2F 3-2: Base on Balls Barry Evans to third Darren Daulton to second
|
|
Batting: RHB Roberto Reyes
|
0-0: Foul Ball, location: 2F 0-1: Ball 1-1: Swinging Strike 1-2: Foul Ball, location: 2F 1-2: Ball 2-2: Ball 3-2: Base on Balls Barry Evans scores Darren Daulton to third Spike Owen to second
|
|
Batting: RHB Mike Scott
|
0-0: SINGLE (Groundball, 34D, EV 98.8 MPH) Darren Daulton scores Spike Owen to third Roberto Reyes to second Runner from 3rd tries for Home, SAFE, throw by RF to home
|
|
Batting: RHB Billy Sample
|
0-0: Called Strike 0-1: Ball 1-1: Called Strike Mike Scott is caught stealing 2nd base 2-4 Roberto Reyes steals 3rd base 1-2: Foul Ball, location: 2F 1-2: Strikes out swinging
|
| Bottom of the 6th over - 3 runs, 2 hits, 0 errors, 1 left on base; Pittsburgh 1 - Los Angeles 4 |
| TOP OF THE 7TH |
|
Pittsburgh Pirates batting - Pitching for Los Angeles Dodgers : RHP Mike Scott
|
|
Batting: SHB John Shelby
|
0-0: Ball 1-0: Called Strike 1-1: Fly out, F7 (Line Drive, 7, EV 86.9 MPH)
|
|
Batting: SHB Ron Oester
|
0-0: Foul Ball, location: 2F 0-1: Foul Ball, location: 2F 0-2: Strikes out swinging
|
|
Batting: RHB Moose Haas
|
0-0: Called Strike 0-1: Swinging Strike 0-2: Ball 1-2: Foul Ball, location: 2F 1-2: Strikes out swinging
|
| Top of the 7th over - 0 runs, 0 hits, 0 errors, 0 left on base; Pittsburgh 1 - Los Angeles 4 |
| BOTTOM OF THE 7TH |
|
Los Angeles Dodgers batting - Pitching for Pittsburgh Pirates : RHP Moose Haas
|
|
Batting: RHB Carney Lansford
|
0-0: Ball 1-0: Ball 2-0: Called Strike 2-1: Ball 3-1: SINGLE (Groundball, 56S, EV 68.8 MPH) (infield hit)
|
|
Batting: RHB Jerry Keller
|
0-0: Ball 1-0: Called Strike 1-1: Grounds into double play, 6-4-3 (Groundball, 6, EV 83.8 MPH)
|
|
Batting: RHB Dick Davis
|
0-0: Called Strike 0-1: Ball 1-1: Called Strike 1-2: Foul Ball, location: 2F 1-2: Ball 2-2: Ball 3-2: SINGLE (Line Drive, 7LS, EV 106.3 MPH)
|
|
Pitching: RHP Timnothy Milner
|
|
|
Batting: RHB Barry Evans
|
0-0: Called Strike Dick Davis steals 2nd base 0-1: Called Strike 0-2: Ball 1-2: Strikes out swinging
|
| Bottom of the 7th over - 0 runs, 2 hits, 0 errors, 1 left on base; Pittsburgh 1 - Los Angeles 4 |
| TOP OF THE 8TH |
|
Pittsburgh Pirates batting - Pitching for Los Angeles Dodgers : RHP Mike Scott
|
|
Batting: RHB Dan Gladden
|
0-0: Ball 1-0: Foul Ball, location: 2F 1-1: Foul Ball, location: 2F 1-2: Strikes out swinging, 2-3 out at first.
|
|
Batting: SHB Chili Davis
|
0-0: Called Strike 0-1: Foul Ball, location: 2F 0-2: Strikes out looking
|
|
Batting: RHB Rennie Stennett
|
0-0: Ball 1-0: Called Strike 1-1: Called Strike 1-2: Foul Ball, location: 2F 1-2: Ball 2-2: Ball 3-2: Ground out 4-3 (Groundball, 34, EV 87.5 MPH)
|
| Top of the 8th over - 0 runs, 0 hits, 0 errors, 0 left on base; Pittsburgh 1 - Los Angeles 4 |
| BOTTOM OF THE 8TH |
|
Los Angeles Dodgers batting - Pitching for Pittsburgh Pirates : RHP Timnothy Milner
|
|
Batting: LHB Darren Daulton
|
0-0: Foul Ball, location: 2F 0-1: Swinging Strike 0-2: Ball 1-2: Ball 2-2: Ball 3-2: Fly out, F6 (Line Drive, 6, EV 72.5 MPH)
|
|
Batting: SHB Spike Owen
|
0-0: Ball 1-0: Foul Ball, location: 2F 1-1: Foul Ball, location: 2F 1-2: Ball 2-2: Ball 3-2: Foul Ball, location: 2F 3-2: Base on Balls
|
|
Batting: RHB Roberto Reyes
|
0-0: Called Strike Spike Owen steals 2nd base 0-1: Ball 1-1: Ball Wild Pitch! Spike Owen to third 2-1: SINGLE (Groundball, 56D, EV 98.1 MPH) Spike Owen scores
|
|
Batting: RHB Mike Scott
|
0-0: Called Strike 0-1: Called Strike Roberto Reyes is caught stealing 2nd base 2-4 0-2: Ball 1-2: Strikes out swinging
|
| Bottom of the 8th over - 1 run, 1 hit, 0 errors, 0 left on base; Pittsburgh 1 - Los Angeles 5 |
| TOP OF THE 9TH |
|
Pittsburgh Pirates batting - Pitching for Los Angeles Dodgers : RHP Mike Scott
|
|
Batting: LHB Robert Lopez
|
0-0: Called Strike 0-1: Ball 1-1: Swinging Strike 1-2: Strikes out swinging
|
|
Batting: LHB Greg Walker
|
0-0: Ball 1-0: Fly out, F8 (Line Drive, 8LD, EV 86.3 MPH)
|
|
Batting: RHB Mike C Brown
|
0-0: Ball 1-0: Ball 2-0: Called Strike 2-1: Ball 3-1: Foul Ball, location: 2F 3-2: SINGLE (Groundball, 34S, EV 89.4 MPH) (infield hit)
|
|
Batting: SHB John Shelby
|
0-0: Called Strike 0-1: Swinging Strike 0-2: Ground out 4-3 (Groundball, 34D, EV 89.4 MPH)
|
| Top of the 9th over - 0 runs, 1 hit, 0 errors, 1 left on base; Pittsburgh 1 - Los Angeles 5 |
|